 Dungeon Crawl Stone Soup version 0.26-b1-32-g5d43845318 (webtiles) character file.

Game seed: 4147047694012943653

15621 EnegeticOcto the Cleaver (level 12, -1/110 HPs)
             Began as a Deep Dwarf Fighter on Jan 11, 2021.
             Was the Champion of Makhleb.
             Slain by a cyclops (22 damage)
             ... on level 12 of the Dungeon.
             The game lasted 00:08:16 (8639 turns).

EnegeticOcto the Cleaver (Deep Dwarf Fighter)       Turns: 8639, Time: 00:08:16

Health: -1/110     AC: 19    Str: 26    XL:     12   Next: 2%
Magic:  6/6        EV:  7    Int: 10    God:    Makhleb [******]
Gold:   45         SH: 12    Dex: 12    Spells: 11/11 levels left

rFire    . . .     SeeInvis +   a - +4 broad axe (freeze)
rCold    . . .     Faith    +   c - +0 kite shield
rNeg     . . .     Spirit   .   i - +5 chain mail of Cheibriados's Regard {Will+ rCorr Str+2}
rPois    .         Reflect  .   (no helmet)
rElec    .         Harm     .   (no cloak)
rCorr    +         Rampage  .   (no gloves)
Will     ++...                  n - +2 pair of boots
Stlth    ..........             o - amulet of faith
HPRegen  0.00/turn              w - ring of see invisible
MPRegen  0.10/turn              (no ring)

@: non-regenerating
A: damage resistance, heal wounds, sense surroundings 2, no regeneration
a: Heal Wounds, Renounce Religion, Minor Destruction, Lesser Servant of Makhleb,
Major Destruction, Greater Servant of Makhleb


You were on level 12 of the Dungeon.
You worshipped Makhleb.
Makhleb was exalted by your worship.
You visited 2 branches of the dungeon, and saw 14 of its levels.
You also visited: Bailey.

You collected 880 gold pieces.
You spent 835 gold pieces at shops.

Inventory:

Hand Weapons
 a - a +4 broad axe of freezing (weapon)
Armour
 c - a +0 kite shield (worn)
 i - the +5 chain mail of Cheibriados's Regard (worn) {Will+ rCorr Str+2}
   (You bought it in a shop on level 10 of the Dungeon)

   It affects your strength (+2).
   It affects your willpower, your defense against some magical effects.
   It provides partial protection from all sources of acid and corrosion.
 n - a +2 pair of boots (worn)
Jewellery
 m - an uncursed ring of fire
 o - an amulet of faith (around neck)
 w - a ring of see invisible (left hand)
Wands
 f - a wand of iceblast (12) {@v2}
 l - a wand of digging (18) {@v3}
 p - a wand of disintegration (7)
 C - a wand of acid (10) {@v1}
Scrolls
 e - 2 scrolls of fear
 g - 7 scrolls of remove curse {@r2}
 h - 8 scrolls of teleportation {@r3}
 t - 2 scrolls of magic mapping {@r5}
 u - a scroll of immolation
 v - 2 scrolls of enchant armour
 y - 4 scrolls of identify {@r1}
 A - a scroll of holy word
 B - a scroll of blinking {@r4}
Potions
 b - a potion of flight
 d - 4 potions of might {@q3}
 j - 2 potions of resistance {@q5}
 k - 5 potions of curing {@q1}
 q - 2 potions of ambrosia
 r - a potion of magic
 s - 2 potions of heal wounds {@q2}
 z - a potion of lignification {unknown}
 D - 2 potions of haste {unknown}
Miscellaneous
 x - a box of beasts


   Skills:
 + Level 7.8 Fighting
 * Level 12.4 Axes
 + Level 9.4 Armour
 + Level 9.5 Shields
 * Level 10.6 Invocations


You had 11 spell levels left.
You didn't know any spells.
Your spell library was empty.

Dungeon Overview and Level Annotations

Branches:
Dungeon (12/15)            Temple (0/1) D:5            Lair (0/6) D:9
    Orc (2/2) D:11            Elf (0/3) Orc:2        Bailey (visited)

Altars:
Ashenzari
Cheibriados
Dithmenos
Fedhas
Makhleb
Nemelex Xobeh
Okawaru
Ru
Trog
Wu Jian
Xom
Zin
The Shining One
Beogh

Shops:
D:6 *[   D:7 !   D:8 =   D:10 [


Innate Abilities, Weirdness & Mutations

You are resistant to damage.
You can heal yourself by infusing magical energy.
You passively map the area around you.
You do not regenerate.


Message History

A meliai zombie is nearby!
The meliai zombie barely misses you. The meliai zombie closely misses you.
The meliai zombie hits you. You block the meliai zombie's attack.
Found a scroll of identify.
You hit the meliai zombie.
The meliai zombie is lightly damaged.
The meliai zombie hits you. You block the meliai zombie's attack.
The meliai zombie hits you. You block the meliai zombie's attack.
You closely miss the meliai zombie.
The meliai zombie is lightly damaged.
The meliai zombie barely misses you. The meliai zombie hits you.
You block the meliai zombie's attack.
The meliai zombie hits you but does no damage.
You hit the meliai zombie.
The meliai zombie is lightly damaged.
The meliai zombie barely misses you.
The meliai zombie hits you but does no damage.
You block the meliai zombie's attack. x2
You slice the meliai zombie!!
The meliai zombie is heavily damaged.
The meliai zombie barely misses you. You block the meliai zombie's attack.
The meliai zombie hits you.
The meliai zombie hits you but does no damage.
You closely miss the meliai zombie.
The meliai zombie is heavily damaged.
The meliai zombie hits you.
The meliai zombie hits you but does no damage.
You block the meliai zombie's attack.
The meliai zombie hits you but does no damage.
You barely miss the meliai zombie.
The meliai zombie is heavily damaged.
The meliai zombie hits you but does no damage.
The meliai zombie hits you.
You closely miss the meliai zombie.
The meliai zombie is heavily damaged.
The meliai zombie hits you but does no damage. x2
The meliai zombie barely misses you. You block the meliai zombie's attack.
You slice the meliai zombie!! You freeze the meliai zombie.
The meliai zombie is almost destroyed.
You block the meliai zombie's attack. x2
The meliai zombie hits you but does no damage.
You block the meliai zombie's attack.
The meliai zombie hits you but does no damage.
You block the meliai zombie's attack.
You hit the meliai zombie.
The meliai zombie is almost destroyed.
The meliai zombie hits you. You block the meliai zombie's attack.
The meliai zombie hits you but does no damage. x2
A meliai zombie is nearby!
A meliai zombie is nearby!
A meliai zombie is nearby!
A meliai zombie is nearby!
You hit the meliai zombie.
The meliai zombie is almost destroyed.
You block the meliai zombie's attack. The meliai zombie closely misses you.
The meliai zombie hits you but does no damage. x2
You slash the meliai zombie!
You destroy the meliai zombie!
Makhleb accepts your kill.
You feel better.
No target in view!
No target in view!
No target in view!
y - 4 scrolls of identify {@r1} (gained 1)
Found a buckler.
A cyclops comes into view.
The cyclops shouts!
The cyclops throws a large rock.
The large rock hits you!!
You see here a large rock.
A cyclops is nearby!
A cyclops is nearby!
You are too injured to fight recklessly!
You are too injured to fight recklessly!
You are too injured to fight recklessly!
You are too injured to fight recklessly!
You are too injured to fight recklessly!
You are too injured to fight recklessly!
You are too injured to fight recklessly!
You are too injured to fight recklessly!
You are too injured to fight recklessly!
You are too injured to fight recklessly!
You are too injured to fight recklessly!
You are too injured to fight recklessly!
You are too injured to fight recklessly!
You are too injured to fight recklessly!
A scorpion comes into view.
The cyclops throws a large rock.
The large rock hits you!!
* * * LOW HITPOINT WARNING * * *
You see here a large rock.
You are too injured to fight recklessly!
You are too injured to fight recklessly!
You are too injured to fight recklessly!
You are too injured to fight recklessly!
You are too injured to fight recklessly!
You feel much better.
The cyclops throws a large rock.
The large rock hits you!
* * * LOW HITPOINT WARNING * * *
You block the cyclops's attack.
The scorpion stings you but does no damage.
You block the scorpion's attack. The cyclops hits you!!
You die...

* * ,, , , , ,
#.##. *, ,, , ,
#.... *, ,
#....# #####+# *
* ** #.....
......
#...[.##...#* *
#.....##.C.##.#
*
#.......@s....#
* **
#.....(#####....
,, #......#, *
., , , #......#
, , ** #......#
, , , #......# ,
* * * * #......#
, , * #......# *
, #......# , *


You could see a cyclops and a scorpion.

Vanquished Creatures
  2 two-headed ogres (D:9)
  Nergalle (D:12)
  3 skeletal warriors (D:12)
  3 orc knights
  An ugly thing (D:11)
  A manticore (D:12)
  An elephant (D:9)
  A gargoyle (D:10)
  2 trolls
  A meliai zombie (D:12)
  3 slime creatures (D:11)
  Sigmund (D:3)
  2 wraiths
  A yak (D:9)
  2 basilisks (D:9)
  4 wargs
  14 orc warriors
  A black bear (D:11)
  3 ice beasts
  A sky beast (D:9)
  2 necrophages
  A phantom (D:12)
  7 ogres
  4 centaurs
  A big kobold (D:10)
  5 bullfrogs
  2 wyvern skeletons
  4 scorpions
  14 killer bees
  8 wights
  2 bullfrog skeletons
  4 hounds
  4 jellies
  13 orc priests
  19 orc wizards
  4 iguanas
  Terence (D:3)
  9 worker ants
  A mummy (D:6)
  2 hound skeletons
  2 worker ant zombies
  5 gnolls
  18 adders
  2 howler monkey skeletons
  2 shadow imps (D:7)
  5 white imps
  An ufetubus (D:6)
  A dart slug (D:1)
  3 leopard geckos
  73 orcs
  5 giant cockroaches
  10 goblins
  7 hobgoblins
  8 jackals
  9 quokkas
  A ball python (D:4)
  5 bats
  5 frilled lizards
  A jackal skeleton (D:4)
  6 kobolds
  A leopard gecko skeleton (D:4)
  2 quokka skeletons
  A quokka zombie (D:5)
  5 rats
333 creatures vanquished.

Vanquished Creatures (collateral kills)
  A skeletal warrior (D:12)
  An orc knight (Bailey)
  An orc warrior (Bailey)
  A wyvern skeleton (D:12)
  A killer bee (D:12)
  An orc (D:12)
6 creatures vanquished.

Vanquished Creatures (others)
  An orc (D:9)
  A fungus (D:9)
  2 plants (D:9)
4 creatures vanquished.

Grand Total: 343 creatures vanquished

Notes
Turn   | Place    | Note
-------+----------+-------------------------------------------
     0 | D:1      | EnegeticOcto the Deep Dwarf Fighter began the quest for the
                  | Orb.
     0 | D:1      | Reached XP level 1. HP: 20/20 MP: 1/1
   177 | D:1      | Reached XP level 2. HP: 21/27 MP: 2/2
   323 | D:1      | Reached skill level 3 in Axes
   447 | D:2      | Reached XP level 3. HP: 34/34 MP: 3/3
   682 | D:3      | Found a burning altar of Makhleb.
   694 | D:3      | Reached XP level 4. HP: 37/42 MP: 4/4
   700 | D:3      | Became a worshipper of Makhleb the Destroyer
   905 | D:4      | Reached skill level 4 in Axes
   905 | D:4      | Reached skill level 1 in Invocations
   905 | D:4      | Reached XP level 5. HP: 43/49 MP: 5/5
   940 | D:4      | Found a sparkling altar of Nemelex Xobeh.
   947 | D:4      | Found a blossoming altar of Fedhas.
  1479 | D:4      | Noticed an ogre
  1485 | D:4      | Killed an ogre
  1486 | D:4      | Reached XP level 6. HP: 37/56 MP: 7/7
  1591 | D:3      | Noticed Terence
  1600 | D:3      | Killed Terence
  1774 | D:3      | Reached skill level 5 in Axes
  1774 | D:3      | Reached * piety under Makhleb
  1881 | D:3      | Noticed Sigmund
  1898 | D:3      | Killed Sigmund
  1899 | D:3      | Reached XP level 7. HP: 30/63 MP: 7/9
  2221 | D:5      | Entered Level 5 of the Dungeon
  2221 | D:5      | Found a shadowy altar of Dithmenos.
  2467 | D:5      | Reached ** piety under Makhleb
  2487 | D:5      | Reached skill level 5 in Shields
  2560 | D:5      | Found a staircase to the Ecumenical Temple.
  2578 | D:5      | Found a sacrificial altar of Ru.
  2587 | D:5      | Reached skill level 6 in Axes
  2587 | D:5      | Reached skill level 5 in Armour
  2933 | D:6      | You fall into a shaft and drop 2 floors!
  2938 | D:8      | Reached XP level 8. HP: 40/73 MP: 10/10
  2962 | D:8      | Found a blossoming altar of Fedhas.
  3141 | D:8      | Found a glowing silver altar of Zin.
  3263 | D:8      | Found a broken altar of Ashenzari.
  3505 | D:7      | Reached skill level 7 in Axes
  3676 | D:6      | Reached *** piety under Makhleb
  3728 | D:6      | Found Pytit's General Store.
  3782 | D:6      | Reached skill level 5 in Invocations
  3848 | D:6      | Found a shimmering altar of Xom.
  3905 | D:6      | Reached skill level 5 in Fighting
  3957 | D:6      | Found a snail-covered altar of Cheibriados.
  4073 | D:6      | Found Rabroer's Armour Shoppe.
  4279 | D:7      | Reached skill level 8 in Axes
  4279 | D:7      | Gained mutation: You passively map the area around you.
                  | [Deep Dwarf growth]
  4279 | D:7      | Reached XP level 9. HP: 33/77 MP: 10/10
  4378 | D:7      | Found an ornate altar of the Wu Jian Council.
  4447 | D:7      | Found Xoasu's Distillery.
  4459 | D:7      | Bought a potion of might for 48 gold pieces
  4989 | D:8      | Found a glowing golden altar of the Shining One.
  5147 | D:8      | Found Efusa's Jewellery Shoppe.
  5165 | D:9      | Found a bloodstained altar of Trog.
  5188 | D:9      | Reached **** piety under Makhleb
  5328 | D:9      | Noticed a two-headed ogre
  5332 | D:9      | Noticed an elephant
  5373 | D:9      | Killed a two-headed ogre
  5374 | D:9      | Reached skill level 9 in Axes
  5386 | D:9      | Killed an elephant
  5400 | D:9      | Reached XP level 10. HP: 79/91 MP: 8/8
  5611 | D:9      | Noticed a two-headed ogre
  5619 | D:9      | Killed a two-headed ogre
  5625 | D:9      | Found a staircase to the Lair.
  5645 | D:9      | Reached skill level 10 in Axes
  5971 | D:10     | Entered Level 10 of the Dungeon
  5975 | D:10     | Found Cimpiol's Antique Armour Boutique.
  5984 | D:10     | Bought a polished chain mail for 199 gold pieces
  5994 | D:10     | Identified the +5 chain mail of Cheibriados's Regard {Will+
                  | rCorr Str+2} (You bought it in a shop on level 10 of the
                  | Dungeon)
  6054 | D:10     | Noticed a gargoyle
  6076 | D:10     | Killed a gargoyle
  6433 | D:10     | Reached ***** piety under Makhleb
  6587 | D:11     | Noticed a purple ugly thing
  6648 | D:11     | Found a flagged portal.
  6663 | Bailey   | Entered a bailey
  6843 | Bailey   | Found a roughly hewn altar of Beogh.
  6843 | Bailey   | Noticed an orc knight
  6865 | Bailey   | Killed an orc knight
  6881 | D:11     | Identified a scroll of acquirement
  6881 | D:11     | Acquired a +1 broad axe of freezing
  6934 | D:11     | Reached skill level 11 in Axes
  6965 | D:11     | Found a staircase to the Orcish Mines.
  7055 | D:11     | Reached XP level 11. HP: 98/99 MP: 6/6
  7181 | D:11     | Killed a purple ugly thing
  7407 | D:11     | Found an iron altar of Okawaru.
  7529 | Orc:1    | Entered Level 1 of the Orcish Mines
  7529 | Orc:1    | Found a roughly hewn altar of Beogh.
  7529 | Orc:1    | Noticed an orc knight
  7561 | D:11     | Killed an orc knight
  7649 | Orc:1    | Noticed an orc knight
  7677 | Orc:1    | Killed an orc knight
  7891 | Orc:2    | Entered Level 2 of the Orcish Mines
  7901 | Orc:2    | Noticed an orc knight
  7904 | Orc:2    | Reached ****** piety under Makhleb
  7918 | Orc:2    | Killed an orc knight
  7945 | Orc:2    | Found a staircase to the Elven Halls.
  7994 | D:10     | Bought a smoking plate armour for 588 gold pieces
  8004 | D:10     | Identified the cursed +0 plate armour of Leluduuth {-Cast
                  | +Blink Str+4 Dex+4} (You bought it in a shop on level 10 of
                  | the Dungeon)
  8166 | D:12     | Noticed a skeletal warrior
  8167 | D:12     | Noticed a skeletal warrior
  8171 | D:12     | Noticed a skeletal warrior
  8183 | D:12     | Killed a skeletal warrior
  8184 | D:12     | Reached skill level 12 in Axes
  8189 | D:12     | Killed a skeletal warrior
  8190 | D:12     | Reached skill level 10 in Invocations
  8194 | D:12     | Killed a skeletal warrior
  8196 | D:12     | Noticed a skeletal warrior
  8205 | D:12     | Killed a skeletal warrior
  8387 | D:12     | Noticed Nergalle
  8404 | D:12     | Killed Nergalle
  8405 | D:12     | Reached XP level 12. HP: 64/110 MP: 6/6
  8634 | D:12     | HP: 2/110 [cyclops/large rock (34)]
  8639 | D:12     | Slain by a cyclops

Illustrated notes

Levels and vault maps discovered:
D:1:      ncdulo_lavacross, layout_loops_corners, minmay_rat_gold_closets
D:2:      layout_basic, nicolae_gozag_seed_capital, evilmike_ruin_ashenzari
D:3:      layout_loops_cross, makhleb_blood_cavern_becter, uniq_terence,
          uniq_sigmund
D:4:      layout_basic, overflow_temple_1_default, fedhas_ov_isle_minmay
D:5:      layout_basic, lemuel_crystal_altar, grunt_dithmenos_smoke,
          minmay_temple_entry_grid, minmay_quadrilaterals
D:6:      layout_loops_ring, slow_altar_1, serial_shops, kennysheep_little_box,
          shop, dk_xom_monty_hall
D:7:      layout_gridville, pdpol_wu_jian_five_deadly_venoms, serial_shops,
          nicolae_shop_stone, chequers_decorated_corner, hangedman_glass_teeth,
          grunt_tough_drop
D:8:      layout_basic, nicolae_overflow_crystal_walls, kennysheep_mini_moat,
          zin_academy, serial_shops, nicolae_shop_behind_doors,
          nicolae_tso_swordbearing_angel
D:9:      layout_basic, general_overflow_altar, david_lair_generic
D:10:     layout_gridville, serial_shops, nicolae_shop_overgrown_old_shop
D:11:     layout_irregular_city, erik_orc_4, basic_altar, enter_bailey_3,
          dk_vineyard_1
D:12:     layout_stronghold, uniq_frances, uniq_nergalle
Orc:1:    layout_caves, nicolae_orc_sculptors_studio, hangedman_feature_mirror,
          library_closet, mines2_david
Orc:2:    grunt_orc_tribal_feast, layout_diamond_mine, mines5_lemuel

Skill      XL: |  1  2  3  4  5  6  7  8  9 10 11 |
---------------+----------------------------------+-----
Axes           | 3 4 5 6 8 9 11 12 | 12.4
Fighting       | 3 4 5 6 7 |  7.8
Armour         | 4 5 6 7 8 9 |  9.4
Shields        | 4 5 6 7 8 9 |  9.5
Invocations    | 1 2 4 5 7 8 10 | 10.6

Action                   |  1- 3 |  4- 6 |  7- 9 | 10-12 || total
-------------------------+-------+-------+-------+-------++-------
Melee: War axe           |   109 |   124 |   524 |   292 ||  1049
       Broad axe         |       |       |       |   319 ||   319
Invok: Lesser Servant of |       |       |       |     6 ||     6
 Abil: Heal Wounds       |     1 |     2 |    15 |    23 ||    41
  Use: Scroll            |       |       |    18 |    11 ||    29
       Potion            |       |       |       |     1 ||     1
 Stab: Distracted        |       |       |       |     2 ||     2
Armor: Scale mail        |    46 |    61 |    10 |       ||   117
       Chain mail        |       |       |    60 |   314 ||   374
       Plate armour      |       |       |   201 |    14 ||   215
Dodge: Dodged            |    32 |    35 |    90 |   181 ||   338
Block: Kite shield       |    73 |    61 |   249 |   460 ||   843
